 Seeded DCSS version 0.30.1-4-g462c640d31 (webtiles) character file.

Game seed: 5 (custom seed)

126 Kazon the Sneak (level 5, 0/35 HPs)
             Began as an Octopode Brigand on Aug 30, 2023.
             Was an Initiate of Okawaru.
             Succumbed to a scorpion's poison
             ... on level 4 of the Dungeon on Aug 31, 2023.
             The game lasted 00:09:39 (2115 turns).

Kazon the Sneak (Octopode Brigand)                  Turns: 2115, Time: 00:09:39

Health: 0/35       AC:  1    Str: 12    XL:     5   Next: 9%
Magic:  14/14      EV: 13    Int: 14    God:    Okawaru [......]
Gold:   163        SH:  0    Dex: 13    Spells: 4/4 levels left

rFire   . . .        e - +2 dagger (vamp)
rCold   . . .        (no shield)
rNeg    . . .        (helmet restricted)
rPois   .            (no amulet)
rElec   .            q - ring of magical power
rCorr   .            (no ring)
SInv    .            (no ring)
Will    .....        (no ring)
Stlth   ++++         (no ring)
HPRegen 0.25/turn    (no ring)
MPRegen 0.14/turn    (no ring)
                     (no ring)

%: no passive effects
@: lethally poisoned (0 -> -21)
A: almost no armour, amphibious, 8 rings, camouflage 1, gelatinous body 1,
(nimble swimmer 1), tentacles
a: Renounce Religion


You were on level 4 of the Dungeon.
You worshipped Okawaru.
Okawaru was noncommittal.
You visited 2 branches of the dungeon, and saw 5 of its levels.

You collected 163 gold pieces.

Inventory:

Hand Weapons
 a - a +2 dagger
 d - a +2 bardiche of protection
 e - a +2 vampiric dagger (weapon)
Missiles
 b - 9 poisoned darts (quivered)
 h - 3 curare-tipped darts
 i - 3 boomerangs
 p - 5 stones
Armour
 c - a +0 tower shield
Jewellery
 q - a ring of magical power (left tentacle)
Scrolls
 f - a scroll of fog {unknown}
 k - a scroll of blinking {unknown}
 l - a scroll of teleportation {unknown}
 m - 2 scrolls of identify {unknown}
 n - a scroll of magic mapping {unknown}
 o - a scroll of summoning {unknown}
 u - a scroll of torment {unknown}
Potions
 g - a potion of resistance {unknown}
 j - 3 potions of curing {unknown}
 r - a potion of flight {unknown}
 s - a potion of berserk rage {unknown}
 t - a potion of invisibility {unknown}


   Skills:
 * Level 2.5 Fighting
 * Level 2.5 Short Blades
 + Level 2.0 Polearms
 * Level 2.6 Throwing
 * Level 1.5 Dodging
 + Level 6.4 Stealth
 * Level 0.1 Invocations


You had 4 spell levels left.
You didn't know any spells.
Your spell library contained the following spells:

 Spells                   Type           Power      Damage    Failure   Level
 Frozen Ramparts          Ice            0%         1d1       65%         3
 Ice Form                 Ice/Tmut       0%         N/A       96%         4
 Summon Ice Beast         Ice/Summ       Unusable   N/A       N/A         4

Dungeon Overview and Level Annotations

Branches:
Dungeon (4/15)             Temple (1/1) D:4

Altars:
Fedhas
Gozag
Okawaru
Qazlal
Trog
Uskayaw
Wu Jian
The Shining One


Innate Abilities, Weirdness & Mutations

You cannot wear most types of armour.
You are amphibious.
You can wear up to eight rings at the same time.
Your skin changes colour to match your surroundings (Stealth+).
Your rubbery body absorbs attacks. (AC +1, EV +1)
((You are camouflaged when in or above water. (Stealth+)))
You have tentacles for arms and can constrict up to eight enemies at once.


Message History

The scorpion is moderately wounded.
You feel very sick. The scorpion stings you.
You are more poisoned.
The scorpion poisons you!
You aren't carrying any items that you can evoke.
Okay, then.
Unknown command.
Throw: 13 darts (poison)
Press: ? - help, Q - select action, (/) - cycle Shift-Dir - straight line, f - scorpion
Aim: a scorpion (moderately wounded, 59% to hit)
You throw a poisoned dart.
The poisoned dart barely misses the scorpion.
You feel very sick. The scorpion closely misses you.
Throw: 12 darts (poison)
Press: ? - help, Q - select action, (/) - cycle Shift-Dir - straight line, f/p - scorpion
Aim: a scorpion (moderately wounded, 59% to hit)
You throw a poisoned dart.
The poisoned dart closely misses the scorpion.
You feel very sick. The scorpion barely misses you.
Throw: 11 darts (poison)
Press: ? - help, Q - select action, (/) - cycle Shift-Dir - straight line, f/p - scorpion
Aim: a scorpion (moderately wounded, 59% to hit)
You throw a poisoned dart. The poisoned dart hits the scorpion!
The scorpion is poisoned.
The scorpion is moderately wounded.
You feel sick. The scorpion barely misses you.
Throw: 10 darts (poison)
Press: ? - help, Q - select action, (/) - cycle Shift-Dir - straight line, f/p - scorpion
Aim: a scorpion (moderately wounded, very poisoned, 59% to hit)
You throw a poisoned dart.
The poisoned dart closely misses the scorpion.
You feel sick. The scorpion stings you.
* * * LOW HITPOINT WARNING * * *
You are more poisoned.
The scorpion poisons you! The scorpion attacks as you move away!
The scorpion closely misses you.
You die...

##... #...####
#...##(# #...##.#
#.##.#...##s#
#.##.#...##.#
#.##.#...##@####
...............#
#.##.##.###.##.#
#####.##.##.# #.# #
...#.##.##.# ...
####.#.##.##.# #.##
.............# #.#
...................
##.#.#.#...........


You could see a scorpion (very poisoned).

Vanquished Creatures
  4 adders
  3 worms
  2 orcs (D:3)
  4 bats
  9 endoplasms
  A giant cockroach (D:1)
  12 goblins
  7 hobgoblins
  11 jackals
  3 kobolds
  5 ball pythons
  3 frilled lizards
  4 rats
68 creatures vanquished.

Notes
Turn   | Place    | Note
-------+----------+-------------------------------------------
     0 | D:1      | Kazon the Octopode Brigand began the quest for the Orb.
     0 | D:1      | Reached XP level 1. HP: 14/14 MP: 1/1
    40 | D:1      | Identified a scroll of acquirement
    40 | D:1      | Acquired a +2 bardiche of protection
    74 | D:1      | Reached XP level 2. HP: 19/19 MP: 2/2
   157 | D:1      | Reached skill level 6 in Stealth
   336 | D:1      | Reached XP level 3. HP: 24/24 MP: 3/3
   664 | D:1      | Reached skill level 1 in Polearms
  1047 | D:2      | Reached XP level 4. HP: 29/29 MP: 4/4
  1651 | D:3      | Found a blossoming altar of Fedhas.
  1668 | D:3      | Reached XP level 5. HP: 35/35 MP: 5/5
  1753 | D:3      | Found a stormy altar of Qazlal.
  1805 | D:3      | Found a faded altar of an unknown god.
  1984 | D:3      | Identified the +2 sling "Qeuhanocyt" {speed, rElec Str-3
                  | Dex+2}
  2037 | D:4      | Found a staircase to the Ecumenical Temple.
  2045 | Temple   | Entered the Ecumenical Temple
  2059 | Temple   | Became a worshipper of Warmaster Okawaru
  2115 | D:4      | Succumbed to a scorpion's poison

Illustrated notes

Levels and vault maps discovered:
D:1:      ebering_trefoil_3fold, layout_basic, st_stairs_14, serial_bayou_ford_a
D:2:      layout_basic, hangedman_decor_growths, minmay_close_crescents
D:3:      layout_rooms, mainiacjoe_overflow_concentric_impassable,
          mainiacjoe_overflow_paths, shapermc_ecumenical_altar_acropolis,
          chequers_serial_rivers_micro_b
D:4:      layout_basic, riverfiend_overflow_shadow_ancestor,
          minmay_temple_entry_glass, uniq_sigmund
Temple:   nicolae_temple_elliptical

Skill      XL: |  1  2  3  4  5 |
---------------+----------------+-----
Stealth        | 6 |  6.4
Polearms       | 1 2 |  2.0
Fighting       | |  2.5
Short Blades   | |  2.5
Throwing       | |  2.6
Dodging        | |  1.5
Invocations    | |  0.1

Action                     |  1- 3 |  4- 6 || total
---------------------------+-------+-------++-------
  Melee: Dagger            |     8 |     8 ||    16
         Constrict         |    14 |     9 ||    23
         Tentacles         |     7 |     8 ||    15
         Bardiche          |    53 |    41 ||    94
  Throw: Dart              |     6 |     4 ||    10
         Stone             |       |    11 ||    11
    Use: Scroll            |     2 |       ||     2
         Potion            |     1 |       ||     1
   Stab: Sleeping          |    12 |     6 ||    18
 Armour: Skin              |     6 |    13 ||    19
  Dodge: Dodged            |    29 |    36 ||    65
